TOP OF THE 1ST |
Naperville Battlekings batting - Pitching for Salt Lake City Buzz : LHP Gerardo Carlos
|
Pitching: LHP Gerardo Carlos
|
|
Batting: RHB Scott Peterson
|
0-0: Ball 1-0: Ball 2-0: Ball 3-0: Called Strike 3-1: Base on Balls
|
Batting: RHB Tony Sánchez
|
0-0: Ball 1-0: Ball Scott Peterson steals 2nd base 2-0: Ball 3-0: Called Strike 3-1: Ground out 5-3 (Groundball, 56)
|
Batting: RHB Pedro González
|
0-0: Ball 1-0: Called Strike 1-1: Swinging Strike 1-2: SINGLE (Line Drive, 4MD) Scott Peterson to third Runner from 3rd tries for Home, SAFE, throw made home
|
Batting: RHB Sal Haynes
|
0-0: Ball Pedro González steals 2nd base 1-0: Ball 2-0: Ball 3-0: Called Strike 3-1: SINGLE (Line Drive, 56D) Pedro González to third
|
Batting: RHB Carlos Gómez
|
0-0: Grounds into double play, 6-4-3 (Groundball, 6)
|
Top of the 1st over - 1 run(s), 2 hit(s), 0 error(s), 1 left on base; Naperville 1 - Salt Lake City 0 |
BOTTOM OF THE 1ST |
Salt Lake City Buzz batting - Pitching for Naperville Battlekings : LHP Russ Wood
|
Pitching: LHP Russ Wood
|
|
Batting: RHB Roberto Ríos
|
0-0: Foul Ball, location: 2F 0-1: Foul Ball, location: 2F 0-2: SINGLE (Popup, 9LS)
|
Batting: SHB Carlton Reed
|
0-0: Ball Roberto Ríos steals 2nd base 1-0: Ball 2-0: Ball 3-0: Called Strike 3-1: Called Strike 3-2: Base on Balls
|
Batting: RHB Oliver Aranda
|
0-0: Foul Ball, location: 2F 0-1: Called Strike 0-2: Ball 1-2: Fielders Choice at 2nd, 1-4 (Groundball, 23) Roberto Ríos to third
|
Batting: RHB Miguel Vidro
|
0-0: Called Strike 0-1: Hit by Pitch Oliver Aranda to second
|
Batting: RHB Patrick Clark
|
0-0: Called Strike 0-1: Ball 1-1: Swinging Strike 1-2: Strikes out swinging
|
Batting: RHB Ichiyo Fujii
|
0-0: Ball 1-0: Ball 2-0: Ball 3-0: Called Strike 3-1: Fly out, F8 (Flyball, 8LM)
|
Bottom of the 1st over - 0 run(s), 1 hit(s), 0 error(s), 3 left on base; Naperville 1 - Salt Lake City 0 |
TOP OF THE 2ND |
Naperville Battlekings batting - Pitching for Salt Lake City Buzz : LHP Gerardo Carlos
|
Batting: RHB Kevin Tyler
|
0-0: Called Strike 0-1: Ball 1-1: Ball 2-1: Foul Ball, location: 2F 2-2: Foul Ball, location: 2F 2-2: Foul Ball, location: 2F 2-2: Ground out 4-3 (Groundball, 4S)
|
Batting: RHB Marcus Wade
|
0-0: Ball 1-0: Ball 2-0: Ball 3-0: Base on Balls
|
Batting: RHB Tim Little
|
0-0: Ball 1-0: SINGLE (Groundball, 6MD) Marcus Wade to second
|
Batting: LHB Alfonso Martínez
|
0-0: Ball 1-0: Foul Ball, location: 2F 1-1: Ball 2-1: Fielders Choice at 2nd, 4-6 (Groundball, 34) Marcus Wade to third
|
Batting: RHB Scott Peterson
|
0-0: DOUBLE (Line Drive, 9LM) Marcus Wade scores Alfonso Martínez to third Runner from 3rd tries for Home, SAFE, no throw or cutoff
|
Batting: RHB Tony Sánchez
|
0-0: DOUBLE (Flyball, 78XD) Scott Peterson scores
|
Batting: RHB Pedro González
|
0-0: Ball 1-0: Called Strike 1-1: Called Strike 1-2: Ball 2-2: Ground out 6-3 (Groundball, 6M)
|
Top of the 2nd over - 3 run(s), 3 hit(s), 0 error(s), 1 left on base; Naperville 4 - Salt Lake City 0 |
BOTTOM OF THE 2ND |
Salt Lake City Buzz batting - Pitching for Naperville Battlekings : LHP Russ Wood
|
Batting: RHB Zach Lewis
|
0-0: Called Strike 0-1: Foul Ball, location: 2F 0-2: Ball 1-2: Strikes out looking
|
Batting: SHB Felipe González
|
0-0: SOLO HOME RUN (Flyball, 7D), Distance : 402 ft
|
Batting: RHB Don MacNeilage
|
0-0: Called Strike 0-1: Ball 1-1: Ground out 5-3 (Groundball, 56S)
|
Batting: RHB Roberto Ríos
|
0-0: Foul Ball, location: 2F 0-1: Ball 1-1: Ball 2-1: Foul Ball, location: 2F 2-2: Ball 3-2: SINGLE (Line Drive, 6D)
|
Batting: SHB Carlton Reed
|
0-0: Ball 1-0: Called Strike 1-1: Ball 2-1: Foul Ball, location: 2F 2-2: Ball 3-2: Foul Ball, location: 2F 3-2: Foul Ball, location: 2F 3-2: Foul Ball, location: 2F 3-2: Base on Balls Roberto Ríos to second
|
Batting: RHB Oliver Aranda
|
0-0: Ball 1-0: Swinging Strike 1-1: Foul Ball, location: 2F 1-2: Ball 2-2: Ball 3-2: Base on Balls Roberto Ríos to third Carlton Reed to second
|
Batting: RHB Miguel Vidro
|
0-0: Foul Ball, location: 2F 0-1: Ball 1-1: GRAND SLAM HOME RUN (Line Drive, 9D), Distance : 393 ft
|
Batting: RHB Patrick Clark
|
0-0: Ball 1-0: Ground out 5-3 (Groundball, 5L)
|
Bottom of the 2nd over - 5 run(s), 3 hit(s), 0 error(s), 0 left on base; Naperville 4 - Salt Lake City 5 |
TOP OF THE 3RD |
Naperville Battlekings batting - Pitching for Salt Lake City Buzz : LHP Gerardo Carlos
|
Batting: RHB Sal Haynes
|
0-0: Called Strike 0-1: Foul Ball, location: 2F 0-2: Ball 1-2: Ball 2-2: DOUBLE (Line Drive, 8LM)
|
Batting: RHB Carlos Gómez
|
0-0: Ball 1-0: SINGLE (Groundball, 6MD) Sal Haynes to third
|
Batting: RHB Kevin Tyler
|
0-0: Ball 1-0: Swinging Strike 1-1: Foul Ball, location: 2F 1-2: Foul Ball, location: 2F 1-2: Ball 2-2: SINGLE (Line Drive, 6D) Sal Haynes scores Carlos Gómez to second
|
Batting: RHB Marcus Wade
|
0-0: Called Strike 0-1: Foul Ball, location: 2F 0-2: Grounds into double play, U6-3 (Groundball, 6) Carlos Gómez to third
|
Batting: RHB Tim Little
|
0-0: Foul Ball, location: 2F 0-1: Swinging Strike 0-2: Ball 1-2: Strikes out swinging passed ball, reaches first! Carlos Gómez scores
|
Batting: LHB Alfonso Martínez
|
0-0: Ground out U3 (Groundball, 3)
|
Top of the 3rd over - 2 run(s), 3 hit(s), 0 error(s), 1 left on base; Naperville 6 - Salt Lake City 5 |
BOTTOM OF THE 3RD |
Salt Lake City Buzz batting - Pitching for Naperville Battlekings : LHP Russ Wood
|
Batting: RHB Ichiyo Fujii
|
0-0: Ball 1-0: Bunted foul 1-1: Ball 2-1: Ground out 4-3 (Groundball, 4)
|
Batting: RHB Zach Lewis
|
0-0: Ball 1-0: Called Strike 1-1: Ball 2-1: Swinging Strike 2-2: Ball 3-2: Foul Ball, location: 2F 3-2: Base on Balls
|
Batting: SHB Felipe González
|
0-0: Called Strike 0-1: Called Strike 0-2: Foul Ball, location: 2F 0-2: Strikes out swinging
|
Batting: RHB Don MacNeilage
|
0-0: Called Strike Throwing error on steal attempt, E2 Zach Lewis to third 0-1: Ball 1-1: Called Strike 1-2: Ball 2-2: Fly out, F9 (Flyball, 89M)
|
Bottom of the 3rd over - 0 run(s), 0 hit(s), 1 error(s), 1 left on base; Naperville 6 - Salt Lake City 5 |
TOP OF THE 4TH |
Naperville Battlekings batting - Pitching for Salt Lake City Buzz : LHP Gerardo Carlos
|
Batting: RHB Scott Peterson
|
0-0: Ground out 4-3 (Groundball, 4)
|
Batting: RHB Tony Sánchez
|
0-0: Ball 1-0: Ball 2-0: Foul Ball, location: 2F 2-1: Called Strike 2-2: Ball 3-2: Base on Balls
|
Batting: RHB Pedro González
|
0-0: Called Strike 0-1: Called Strike 0-2: Reached on error, E5 (Groundball, 56S) Tony Sánchez to third
|
Batting: RHB Sal Haynes
|
0-0: Ball 1-0: Ball 2-0: Ball 3-0: Hit by Pitch
|
Batting: RHB Carlos Gómez
|
0-0: Ball 1-0: Ball 2-0: Ball 3-0: Called Strike 3-1: Foul Ball, location: 2F 3-2: Foul Ball, location: 2F 3-2: SINGLE (Line Drive, 78S) Tony Sánchez scores Pedro González to third Sal Haynes to second Runner from 3rd tries for Home, throw and OUT!
|
Pitching: RHP Nathaniel O'Heyne
|
|
Batting: RHB Kevin Tyler
|
0-0: Swinging Strike 0-1: Ball 1-1: Ground out 5-3 (Groundball, 5)
|
Top of the 4th over - 1 run(s), 1 hit(s), 1 error(s), 2 left on base; Naperville 7 - Salt Lake City 5 |
BOTTOM OF THE 4TH |
Salt Lake City Buzz batting - Pitching for Naperville Battlekings : LHP Russ Wood
|
Batting: RHB Roberto Ríos
|
0-0: Ground out 5-3 (Groundball, 56)
|
Batting: SHB Carlton Reed
|
0-0: Foul Ball, location: 2F Single, Error in OF, E9, batter to second base
|
Batting: RHB Oliver Aranda
|
0-0: Ball 1-0: Ball 2-0: Swinging Strike 2-1: SINGLE (Flyball, 78S) Carlton Reed to third Runner from 3rd tries for Home, SAFE, throw made home Oliver Aranda to second
|
Pitching: RHP David Francisco
|
|
Batting: RHB Miguel Vidro
|
0-0: Called Strike 0-1: SINGLE (Line Drive, 34D) Oliver Aranda to third
|
Batting: RHB Patrick Clark
|
0-0: Ball 1-0: Ball 2-0: Ball 3-0: Grounds into double play, 4-6-3 (Groundball, 4)
|
Bottom of the 4th over - 1 run(s), 3 hit(s), 1 error(s), 1 left on base; Naperville 7 - Salt Lake City 6 |
TOP OF THE 5TH |
Naperville Battlekings batting - Pitching for Salt Lake City Buzz : RHP Nathaniel O'Heyne
|
Batting: RHB Marcus Wade
|
0-0: Ball 1-0: Ball 2-0: Ball 3-0: Base on Balls
|
Batting: RHB Tim Little
|
0-0: SINGLE (Line Drive, 6MD) Marcus Wade to second Marcus Wade to third
|
Batting: LHB Alfonso Martínez
|
0-0: Called Strike 0-1: Ball 1-1: Foul Ball, location: 2F 1-2: Strikes out looking
|
Batting: RHB Scott Peterson
|
0-0: Ball 1-0: Foul Ball, location: 2F 1-1: Foul Ball, location: 2F 1-2: Strikes out swinging
|
Batting: RHB Tony Sánchez
|
0-0: Ball 1-0: Called Strike 1-1: Ball 2-1: SINGLE (Flyball, 8LS) Marcus Wade scores Tim Little to second
|
Batting: RHB Pedro González
|
0-0: Swinging Strike 0-1: Ball 1-1: Swinging Strike 1-2: Foul Ball, location: 2F 1-2: Ball 2-2: Foul Ball, location: 2F 2-2: Strikes out swinging
|
Top of the 5th over - 1 run(s), 2 hit(s), 0 error(s), 2 left on base; Naperville 8 - Salt Lake City 6 |
BOTTOM OF THE 5TH |
Salt Lake City Buzz batting - Pitching for Naperville Battlekings : RHP David Francisco
|
Batting: RHB Ichiyo Fujii
|
0-0: Called Strike 0-1: Fly out, F8 (Flyball, 89M)
|
Batting: RHB Zach Lewis
|
0-0: Called Strike 0-1: Ball 1-1: Foul Ball, location: 2F 1-2: Ball 2-2: Ground out 6-3 (Groundball, 6M)
|
Batting: SHB Felipe González
|
0-0: Foul Ball, location: 2F 0-1: Swinging Strike 0-2: Strikes out swinging
|
Bottom of the 5th over - 0 run(s), 0 hit(s), 0 error(s), 0 left on base; Naperville 8 - Salt Lake City 6 |
TOP OF THE 6TH |
Naperville Battlekings batting - Pitching for Salt Lake City Buzz : RHP Nathaniel O'Heyne
|
Batting: RHB Sal Haynes
|
0-0: Swinging Strike 0-1: Ball 1-1: Foul Ball, location: 2F 1-2: Ground out 1-3 (Groundball, 13S)
|
Batting: RHB Carlos Gómez
|
0-0: Ball 1-0: DOUBLE (Groundball, 5L)
|
Batting: RHB Kevin Tyler
|
0-0: Ball 1-0: Ball 2-0: Fly out, F9 (Flyball, 89S)
|
Batting: RHB Marcus Wade
|
0-0: Ball 1-0: Called Strike 1-1: Swinging Strike 1-2: Ball 2-2: Foul Ball, location: 2F 2-2: Foul Ball, location: 2F 2-2: Strikes out swinging
|
Top of the 6th over - 0 run(s), 1 hit(s), 0 error(s), 1 left on base; Naperville 8 - Salt Lake City 6 |
BOTTOM OF THE 6TH |
Salt Lake City Buzz batting - Pitching for Naperville Battlekings : RHP David Francisco
|
Batting: RHB Don MacNeilage
|
0-0: SINGLE (Line Drive, 78M)
|
Batting: RHB Roberto Ríos
|
0-0: Called Strike Don MacNeilage steals 2nd base 0-1: Ball 1-1: Ball 2-1: Swinging Strike 2-2: Ball 3-2: Fly out, F9 (Flyball, 89M) Runner from 2nd tags up, SAFE at 3rd with throw
|
Batting: SHB Carlton Reed
|
0-0: Foul Ball, location: 2F 0-1: Ground out 1-3 (Groundball, 25)
|
Batting: RHB Oliver Aranda
|
0-0: Ball 1-0: Ball 2-0: Foul Ball, location: 2F 2-1: Ground out 5-3 (Groundball, 5S)
|
Bottom of the 6th over - 0 run(s), 1 hit(s), 0 error(s), 1 left on base; Naperville 8 - Salt Lake City 6 |
TOP OF THE 7TH |
Naperville Battlekings batting - Pitching for Salt Lake City Buzz : RHP Nathaniel O'Heyne
|
Batting: RHB Tim Little
|
0-0: Called Strike 0-1: Called Strike 0-2: Ball 1-2: Ball 2-2: Ball 3-2: Foul Ball, location: 2F 3-2: DOUBLE (Groundball, 5L)
|
Batting: LHB Alfonso Martínez
|
0-0: Called Strike 0-1: Bunted foul 0-2: Ground out 4-3 (Groundball, 4) Tim Little to third
|
Pitching: RHP John Dufour
|
|
Batting: RHB Scott Peterson
|
0-0: Called Strike 0-1: SINGLE (Groundball, 34) Tim Little scores
|
Batting: RHB Tony Sánchez
|
0-0: Ball 1-0: Fly out, F6 (Popup, 6S)
|
Batting: RHB Pedro González
|
0-0: Called Strike Scott Peterson steals 2nd base 0-1: SINGLE (Line Drive, 6MD) Scott Peterson to third Runner from 3rd tries for Home, SAFE, no throw or cutoff
|
Batting: RHB Sal Haynes
|
0-0: Ball 1-0: Foul Ball, location: 2F 1-1: Foul Ball, location: 2F 1-2: Strikes out swinging
|
Top of the 7th over - 2 run(s), 3 hit(s), 0 error(s), 1 left on base; Naperville 10 - Salt Lake City 6 |
BOTTOM OF THE 7TH |
Salt Lake City Buzz batting - Pitching for Naperville Battlekings : RHP David Francisco
|
Batting: RHB Miguel Vidro
|
0-0: SINGLE (Groundball, 6MD)
|
Batting: RHB Patrick Clark
|
0-0: SINGLE (Flyball, 89S) Miguel Vidro to second
|
Batting: RHB Ichiyo Fujii
|
0-0: Ball 1-0: Bunted foul 1-1: Sac Bunt - play at first, batter safe! Miguel Vidro to third Patrick Clark to second
|
Batting: RHB Zach Lewis
|
0-0: Ball 1-0: Called Strike 1-1: Ball 2-1: Ball 3-1: Foul Ball, location: 2F 3-2: Fly out, F7 (Flyball, 7M) Runner from 3rd tags up, SCORES, throw made
|
Batting: SHB Felipe González
|
0-0: Called Strike 0-1: Ball 1-1: SINGLE (Flyball, 8RS) Patrick Clark to third Ichiyo Fujii to second
|
Pinch Hitting: LHB Fernando González
|
0-0: Fly out, F8 (Flyball, 8LXD) Runner from 3rd tags up, SCORES, no throw Ichiyo Fujii to third
|
Batting: RHB Roberto Ríos
|
0-0: Called Strike 0-1: Foul Ball, location: 2F 0-2: Foul Ball, location: 2F 0-2: Ground out 4-3 (Groundball, 34)
|
Bottom of the 7th over - 2 run(s), 4 hit(s), 0 error(s), 2 left on base; Naperville 10 - Salt Lake City 8 |
TOP OF THE 8TH |
Naperville Battlekings batting - Pitching for Salt Lake City Buzz : RHP John Dufour
|
Now at 3B: Jorge Torrez
|
|
Batting: RHB Carlos Gómez
|
0-0: Foul Ball, location: 2F 0-1: Ground out 6-3 (Groundball, 6)
|
Batting: RHB Kevin Tyler
|
0-0: Ball 1-0: Ball 2-0: Called Strike 2-1: Ball 3-1: Foul Ball, location: 2F 3-2: Base on Balls
|
Batting: RHB Marcus Wade
|
0-0: Called Strike 0-1: Foul Ball, location: 2F 0-2: DOUBLE (Popup, 9LM) Kevin Tyler to third Runner from 3rd tries for Home, SAFE, throw made home
|
Batting: RHB Tim Little
|
0-0: Swinging Strike 0-1: Swinging Strike 0-2: Hit by Pitch
|
Batting: LHB Alfonso Martínez
|
0-0: Called Strike 0-1: Called Strike 0-2: Strikes out looking
|
Batting: RHB Scott Peterson
|
0-0: Called Strike 0-1: Called Strike 0-2: Ball 1-2: Ball 2-2: Foul Ball, location: 2F 2-2: Ground out 1-3 (Groundball, 15)
|
Top of the 8th over - 1 run(s), 1 hit(s), 0 error(s), 2 left on base; Naperville 11 - Salt Lake City 8 |
BOTTOM OF THE 8TH |
Salt Lake City Buzz batting - Pitching for Naperville Battlekings : RHP David Francisco
|
Batting: SHB Carlton Reed
|
0-0: Ball 1-0: Ball 2-0: Called Strike 2-1: Ball 3-1: Foul Ball, location: 2F 3-2: Foul Ball, location: 2F 3-2: Base on Balls
|
Pitching: RHP Ramón Elizondo
|
|
Batting: RHB Oliver Aranda
|
0-0: Foul Ball, location: 2F 0-1: Foul Ball, location: 2F 0-2: Foul Ball, location: 2F 0-2: Ball 1-2: Ball 2-2: Strikes out looking
|
Pitching: LHP Jason Puckett
|
|
Batting: RHB Miguel Vidro
|
0-0: Hit by Pitch Carlton Reed to second
|
Pitching: RHP Colt Harris
|
|
Batting: RHB Patrick Clark
|
0-0: Called Strike 0-1: Ball 1-1: Foul Ball, location: 2F 1-2: Fly out, F4 (Popup, 34)
|
Batting: RHB Ichiyo Fujii
|
0-0: Ball 1-0: Foul Ball, location: 2F 1-1: Ball 2-1: Foul Ball, location: 2F 2-2: Ball 3-2: Ground out 1-3 (Groundball, 15S)
|
Bottom of the 8th over - 0 run(s), 0 hit(s), 0 error(s), 2 left on base; Naperville 11 - Salt Lake City 8 |
TOP OF THE 9TH |
Naperville Battlekings batting - Pitching for Salt Lake City Buzz : RHP John Dufour
|
Batting: RHB Tony Sánchez
|
0-0: Ball 1-0: Called Strike 1-1: Ball 2-1: Fly out, F9 (Flyball, 89D)
|
Batting: RHB Pedro González
|
0-0: Foul Ball, location: 2F 0-1: Ball 1-1: Ground out 6-3 (Groundball, 6M)
|
Batting: RHB Sal Haynes
|
0-0: Ground out 3-1 (Groundball, 34S)
|
Top of the 9th over - 0 run(s), 0 hit(s), 0 error(s), 0 left on base; Naperville 11 - Salt Lake City 8 |
BOTTOM OF THE 9TH |
Salt Lake City Buzz batting - Pitching for Naperville Battlekings : RHP Colt Harris
|
Pitching: LHP Motoyuki Nakamura
|
|
Batting: RHB Zach Lewis
|
0-0: Swinging Strike 0-1: Called Strike 0-2: Foul Ball, location: 2F 0-2: Ball 1-2: Foul Ball, location: 2F 1-2: Foul Ball, location: 2F 1-2: Ball 2-2: Ball 3-2: Strikes out swinging
|
Batting: SHB Felipe González
|
0-0: Ball 1-0: Fly out, F8 (Line Drive, 8LD)
|
Batting: RHB Jorge Torrez
|
0-0: Called Strike 0-1: Swinging Strike 0-2: Ball 1-2: Ball 2-2: Strikes out swinging
|
Bottom of the 9th over - 0 run(s), 0 hit(s), 0 error(s), 0 left on base; Naperville 11 - Salt Lake City 8 |
|